AoeStats
← shminky

Arabia

509070634Analyzed
1v1 RM · 6d ago on Sep 25, 2026· 56m 35s· 2 players
Game mode
Random Map
Map size
Tiny (2 player)
Population
200
Speed
Normal
Resources
Standard
Victory
Conquest
Starting age
Dark Age
Ending age
Imperial Age
RankedLock teamsTeams togetherTeam positionsShared explorationLock speedFull tech treeHidden civsTurbo modeCheats
Victory
Defeat
🇳🇱 Lithuanians · Netherlands
839
+17
🇦🇺 Celts · Australia
864
-17
svenxvde
11:12 Feudal Age
15:02 Double-Bit Axe
19:20 Castle Age
18:45 Horse Collar
21:19 Bow Saw
23:28 Gold Mining
26:24 Scale Barding Armor
26:29 Forging
26:56 Husbandry
28:48 Chain Barding Armor
28:39 Forging
29:25 Stone Mining
37:17 Imperial Age
37:25 Imperial Age
35:34 Wheelbarrow
34:46 Town Watch
35:17 Heavy Plow
36:50 Iron Casting
35:54 Light Cavalry
36:50 Squires
38:01 Bloodlines
37:53 Pikeman
37:59 Cavalier
39:05 Halberdier
40:53 Plate Barding Armor
40:31 Winged Hussar
42:35 Crop Rotation
42:45 Hand Cart
43:12 Paladin
46:57 Scale Mail Armor
46:57 Padded Archer Armor
49:01 Two-Man Saw
50:54 Chain Mail Armor
shminky
8:20 Loom
10:41 Feudal Age
22:17 Castle Age
23:50 Double-Bit Axe
24:16 Town Watch
28:12 Horse Collar
28:25 Gold Mining
28:25 Stone Mining
29:51 Bow Saw
30:10 Town Patrol
30:46 Wheelbarrow
31:00 Forging
30:50 Scale Mail Armor
30:56 Scale Barding Armor
31:05 Pikeman
32:39 Gambesons
33:32 Iron Casting
33:12 Chain Mail Armor
34:00 Chain Barding Armor
39:57 Imperial Age
39:26 Stronghold
39:55 Hand Cart
40:55 Furor Celtica
41:08 Conscription
40:23 Halberdier
41:51 Man-at-Arms
45:35 Murder Holes
45:31 Heated Shot
47:06 Onager
47:43 Heavy Scorpion
50:56 Blast Furnace
50:26 Plate Mail Armor
52:48 Ballistics
Connection lost

Rejoining the realm…

Still unreachable

The connection could not be restored.

Session expired

The server has moved on; the page needs a fresh start.